 Dungeon Crawl Stone Soup version 0.28.0 (webtiles) character file.

Game seed: 2271118541429750099

13616 rocky1 the Geomancer (level 12, -16/73 HPs)
             Began as a Gargoyle Earth Elementalist on Feb 14, 2022.
             Was a Priest of Vehumet.
             Killed from afar by a salamander mystic (25 damage)
             ... with a bolt of magma
             ... in a volcano on Feb 18, 2022.
             The game lasted 01:05:29 (17526 turns).

rocky1 the Geomancer (Gargoyle Earth Elementalist) Turns: 17526, Time: 01:05:29

Health: -16/73     AC: 17    Str: 13    XL:     12   Next: 7%
Magic:  9/25       EV: 11    Int: 32    God:    Vehumet [***...]
Gold:   472        SH:  0    Dex: 10    Spells: 26/30 levels left

rFire   + . .      SeeInvis .   B - +0 whip (vamp)
rCold   . . .      Faith    .   (no shield)
rNeg    + + .      Spirit   .   F - +2 robe {rF+}
rPois   ∞          Reflect  .   Z - +0 helmet
rElec   +          Harm     .   p - +0 cloak
rCorr   .          Rampage  .   O - +0 pair of gloves
Will    .....                   d - +1 pair of boots
Stlth   ++........              (no amulet)
HPRegen 0.22/turn               K - +6 ring of intelligence
MPRegen 0.19/turn               C - ring "Afuzust" {*Corrode rN+ Int+6}

@: no status effects
A: sickness immunity, AC +8, negative energy resistance 1, electricity
resistance, torment resistance 1, petrification resistance
a: Renounce Religion


You were in a volcano.
You worshipped Vehumet.
Vehumet was most pleased with you.
You visited 3 branches of the dungeon, and saw 11 of its levels.
You also visited: Sewer and Volcano.

You collected 472 gold pieces.

Inventory:

Hand Weapons
 i - a +2 dagger of speed
 s - a +1 dagger of flaming
 B - a +0 vampiric whip (weapon)
 Q - a +2 flail of protection
 R - a +0 vorpal mace
Missiles
 H - 165 stones
 U - a curare-tipped dart
Armour
 c - a +1 robe of cold resistance
 d - a +1 pair of boots (worn)
 p - a +0 cloak (worn)
 F - a +2 robe of fire resistance (worn)
 J - a +0 troll leather armour
 O - a +0 pair of gloves (worn)
 Z - a +0 helmet (worn)
Jewellery
 k - a ring of willpower
 z - a ring of see invisible
 C - the ring "Afuzust" (right hand) {*Corrode rN+ Int+6}
   (You found it on level 6 of the Dungeon)

   [ring of positive energy]

   Int:       It affects your intelligence (+6).
   rN:        It protects you from negative energy.
   *Corrode:  It may corrode you when you take damage.
 K - a +6 ring of intelligence (left hand)
 S - a +4 ring of slaying
Wands
 b - a wand of acid (14)
 q - a wand of iceblast (17)
 x - a wand of flame (33)
 E - a wand of paralysis (15)
 V - a wand of digging (7)
Scrolls
 a - 2 scrolls of amnesia
 f - 2 scrolls of magic mapping
 g - 4 scrolls of teleportation
 j - 3 scrolls of enchant armour
 n - 2 scrolls of immolation {unknown}
 o - 6 scrolls of identify
 t - a scroll of summoning {unknown}
 u - 3 scrolls of blinking {unknown}
 y - a scroll of enchant weapon {unknown}
 A - 2 scrolls of fog {unknown}
 G - a scroll of torment {unknown}
 L - a scroll of acquirement {unknown}
 T - a scroll of vulnerability {unknown}
Potions
 e - 2 potions of brilliance {unknown}
 h - 3 potions of mutation {unknown}
 l - 2 potions of invisibility {unknown}
 m - a potion of cancellation {unknown}
 r - 2 potions of lignification {unknown}
 v - a potion of haste {unknown}
 w - 2 potions of resistance {unknown}
 D - 2 potions of curing {unknown}
 I - a potion of degeneration {unknown}
 M - a potion of experience {unknown}
 N - a potion of heal wounds {unknown}
 P - a potion of berserk rage {unknown}
 W - a potion of magic {unknown}
 X - a potion of flight {unknown}
Miscellaneous
 Y - a phial of floods


   Skills:
 - Level 8.0 Fighting
 - Level 1.5 Dodging
 - Level 2.1 Stealth
 + Level 9.8 Spellcasting
 - Level 7.3 Conjurations
 - Level 0.7 Transmutations
 - Level 10.0 Earth Magic
 + Level 9.2 Evocations


You had 26 spell levels left.
You knew the following spells:

 Your Spells              Type           Power      Damage    Failure   Level
a - Sandblast             Erth           100%       2d20      1%          1
b - Stone Arrow           Conj/Erth      100%       3d13      1%          3

Your spell library contained the following spells:

 Spells                   Type           Power      Damage    Failure   Level
 Dazzling Flash           Conj/Hex       78%        N/A       1%          3
 Passwall                 Tmut/Erth      41%        N/A       1%          2
 Petrify                  Tmut/Erth      50%        N/A       3%          4
 Confusing Touch          Hex            15%        N/A       10%         3
 Yara's Violent Unravell  Hex/Tmut       9%         3d6       19%         5
 Enfeeble                 Hex            7%         N/A       100%        7


Dungeon Overview and Level Annotations

Branches:
Dungeon (9/15)             Temple (1/1) D:4            Lair (1/6) D:9
  Sewer (visited)         Volcano (1/1)
    Orc: D:9-12

Altars:
Ashenzari
Cheibriados
Dithmenos
Elyvilon
Fedhas
Gozag
Hepliaklqana
Kikubaaqudgha
Makhleb
Nemelex Xobeh
Okawaru
Qazlal
Ru
Sif Muna
Trog
Uskayaw
Vehumet
Wu Jian
Xom
Yredelemnul
Zin
The Shining One


Innate Abilities, Weirdness & Mutations

You are immune to sickness and miasma.
Your stone body is resilient. (AC +8)
You are immune to poison.
You resist negative energy. (rN+)
You are resistant to electric shocks. (rElec)
You are resistant to unholy torment.
You are immune to petrification.


Message History

Unknown command.
As you read the scroll labelled TARHUVV QESYU, it crumbles to dust.
It is a scroll of identify.
j - 3 scrolls of enchant armour The salamander mystic hits you but does no damage.
Your magical contamination has completely faded away.
Unknown command.
Aiming: Iceblast
Press: ? - help, Shift-Dir - straight line, p - molten gargoyle The mass of ice explodes!
The iceblast engulfs the molten gargoyle!!
You destroy the molten gargoyle!
Vehumet accepts your kill.
The iceblast engulfs the salamander mystic but does no damage.
The salamander mystic is moderately wounded.
The salamander mystic hits you with a +0 quarterstaff.
You are engulfed in flames.
You resist.
Unknown command.
Aiming: Stone Arrow (safe; 1% risk of failure)
Press: ? - help, Q - select action, (/) - cycle Shift-Dir - straight line, f - salamander mystic
Aim: a salamander mystic, wielding a +0 quarterstaff and wearing a +0 robe (moderately wounded, 87% to hit)
The stone arrow hits the salamander mystic!!
The salamander mystic is severely wounded.
A molten gargoyle comes into view. It is wielding a +2 mace of protection.
The salamander mystic misses you.
Aiming: Stone Arrow (safe; 1% risk of failure)
Press: ? - help, Q - select action, (/) - cycle Shift-Dir - straight line, f/p - salamander mystic
Aim: a salamander mystic, wielding a +0 quarterstaff and wearing a +0 robe (severely wounded, 87% to hit)
The stone arrow hits the salamander mystic!
The salamander mystic is severely wounded.
A molten gargoyle comes into view. It is wielding a +0 flail.
The salamander mystic hits you but does no damage.
Okay, then.
The salamander mystic closely misses you.
The molten gargoyle blasts magma at you!
The bolt of magma hits you!! You partially resist.
* * * LOW HITPOINT WARNING * * *
The salamander mystic casts a spell at you.
The bolt of magma hits you!! You partially resist.
You die...

9#≈ ≈≈≈≈≈#d≈≈≈≈≈ ## ..#≈
≈≈≈≈#≈≈≈≈≈ #..
...#≈≈≈≈≈≈≈≈≈##..#
#..#≈≈≈#≈≈≈#..# #..9#)#.#...#
#..).#....#
############''###''########
#..........9N.# #...)......
#...)..)..@...# #.........)
#..###'##'###########'##'##
#..# #.##.# #8...8# #.##)#
#..# ###### #.....# ######
###..##########.....#########
#≈≈......).......⌠..).(......
#≈≈............8...8.........
###############...).#########
##++#''##


You could see a salamander mystic and a molten gargoyle.

Vanquished Creatures
  A red draconian (Volcano)
  Erica (D:7)
  2 two-headed ogres (D:8)
  An orc knight (Volcano)
  A cyclops (Volcano)
  An ugly thing (D:6)
  6 salamanders (Volcano)
  A molten gargoyle (Volcano)
  3 gargoyles (Volcano)
  A komodo dragon (Lair:1)
  Psyche (D:8)
  3 trolls
  A polar bear (Lair:1)
  A hornet (D:9)
  Sigmund (D:5)
  A wyvern (D:9)
  2 wargs (D:8)
  7 water moccasins
  A black bear (D:5)
  2 orc warriors
  3 sky beasts
  An ice beast (D:6)
  4 ogres
  4 centaurs
  3 phantoms
  7 kobold brigands
  A gnoll sergeant (D:7)
  5 bullfrogs
  2 scorpions
  A wyvern zombie (D:6)
  4 wights (D:6)
  A centaur zombie (D:9)
  3 hounds
  2 bullfrog skeletons (D:6)
  A jelly (D:5)
  2 gnoll shamans
  6 orc priests
  A centaur skeleton (D:7)
  3 iguanas
  Ijyb (D:5)
  7 orc wizards
  A hound skeleton (D:4)
  A howler monkey zombie (D:8)
  Robin (D:3)
  12 gnolls
  10 adders
  2 river rats (Sewer)
  3 shadow imps
  A white imp (D:5)
  An ufetubus (D:6)
  3 worms (Sewer)
  4 dart slugs
  42 orcs
  4 ball pythons
  5 bats
  10 endoplasms
  4 giant cockroaches
  17 goblins
  4 hobgoblins
  3 jackals
  2 quokkas (D:2)
  4 frilled lizards
  18 kobolds
  13 rats
265 creatures vanquished.

Vanquished Creatures (others)
  An orc (D:5)
  A plant (Lair:1)
2 creatures vanquished.

Grand Total: 267 creatures vanquished

Notes
Turn   | Place    | Note
-------+----------+-------------------------------------------
     0 | D:1      | rocky1 the Gargoyle Earth Elementalist began the quest for
                  | the Orb.
     0 | D:1      | Reached XP level 1. HP: 10/10 MP: 3/3
   173 | D:1      | Reached skill level 4 in Earth Magic
   319 | D:1      | Reached XP level 2. HP: 5/15 MP: 3/5
  1340 | D:1      | Reached XP level 3. HP: 13/19 MP: 6/6
  1609 | D:2      | Reached skill level 5 in Earth Magic
  1844 | D:2      | Found a faded altar of an unknown god.
  2342 | D:3      | Noticed Robin
  2391 | D:3      | Killed Robin
  2392 | D:3      | Reached XP level 4. HP: 24/24 MP: 2/7
  2666 | D:3      | Reached skill level 6 in Earth Magic
  2882 | D:3      | Found a broken altar of Ashenzari.
  2882 | D:3      | Found a sparkling altar of Nemelex Xobeh.
  2886 | D:3      | Found a stormy altar of Qazlal.
  3110 | D:3      | Learned a level 3 spell: Stone Arrow
  3351 | D:3      | Noticed a phantom
  3363 | D:3      | Killed a phantom
  3364 | D:3      | Reached skill level 7 in Earth Magic
  3364 | D:3      | Reached XP level 5. HP: 24/28 MP: 3/8
  4115 | D:4      | Found a blossoming altar of Fedhas.
  4175 | D:4      | Found a glowing drain.
  4185 | Sewer    | Entered a sewer
  4295 | Sewer    | Reached XP level 6. HP: 25/32 MP: 6/9
  4456 | Sewer    | Reached skill level 8 in Earth Magic
  4787 | Sewer    | Reached skill level 9 in Earth Magic
  4818 | Sewer    | Reached XP level 7. HP: 36/36 MP: 5/10
  4907 | Sewer    | Reached skill level 10 in Earth Magic
  5142 | D:4      | Reached skill level 1 in Conjurations
  5331 | D:4      | Found a staircase to the Ecumenical Temple.
  5401 | Temple   | Entered the Ecumenical Temple
  5523 | Temple   | Became a worshipper of Vehumet
  6075 | D:5      | Entered Level 5 of the Dungeon
  6195 | D:5      | Found a hazy altar of Hepliaklqana.
  6243 | D:5      | Noticed Ijyb
  6250 | D:5      | Reached XP level 8. HP: 41/41 MP: 7/11
  7120 | D:5      | Reached skill level 5 in Conjurations
  7122 | D:5      | Noticed Sigmund
  7479 | D:5      | Killed Sigmund
  7740 | D:5      | Killed Ijyb
  8428 | D:6      | Reached XP level 9. HP: 45/45 MP: 8/15
  8562 | D:6      | Reached * piety under Vehumet
  8562 | D:6      | Offered knowledge of Shock by Vehumet.
  8659 | D:6      | Identified the ring "Afuzust" {*Corrode rN+ Int+6}
  8723 | D:6      | Reached skill level 1 in Fighting
  8727 | D:6      | Noticed a troll
  8737 | D:6      | Killed a troll
  9488 | D:6      | Noticed a purple ugly thing
  9497 | D:6      | Killed a purple ugly thing
  9618 | D:6      | Noticed a troll
 10864 | D:6      | Reached skill level 1 in Evocations
 11162 | D:6      | Reached XP level 10. HP: 60/64 MP: 5/16
 11580 | D:7      | Offered knowledge of Freeze by Vehumet.
 11846 | D:7      | Reached ** piety under Vehumet
 12043 | D:7      | Reached skill level 5 in Spellcasting
 13739 | D:8      | Noticed Psyche
 13743 | D:8      | Killed Psyche
 13931 | D:8      | Noticed Erica
 14251 | D:7      | Killed Erica
 14252 | D:7      | Reached skill level 5 in Evocations
 14526 | D:8      | Noticed a two-headed ogre
 14752 | D:8      | Killed a two-headed ogre
 14886 | D:8      | Noticed a two-headed ogre
 14889 | D:8      | Killed a two-headed ogre
 14890 | D:8      | Reached XP level 11. HP: 68/68 MP: 11/22
 15340 | D:9      | Found a staircase to the Lair.
 15436 | D:9      | Offered knowledge of Dazzling Flash by Vehumet.
 16225 | D:9      | Found a shimmering blue altar of Sif Muna.
 16234 | D:9      | Found a white marble altar of Elyvilon.
 16315 | Lair:1   | Entered Level 1 of the Lair of Beasts
 16323 | Lair:1   | Reached *** piety under Vehumet
 16599 | Lair:1   | Found a dark tunnel.
 16609 | Volcano  | Entered a volcano
 16744 | Volcano  | Noticed a salamander
 16750 | Volcano  | Killed a salamander
 16859 | Volcano  | Noticed a cyclops
 16869 | Volcano  | Noticed a salamander
 16874 | Volcano  | Killed a cyclops
 16879 | Volcano  | Killed a salamander
 17006 | Volcano  | Noticed a salamander
 17010 | Volcano  | Killed a salamander
 17067 | Volcano  | Noticed a salamander
 17077 | Volcano  | Killed a salamander
 17159 | Volcano  | Noticed a red draconian
 17176 | Volcano  | Killed a red draconian
 17239 | Volcano  | Noticed a salamander
 17244 | Volcano  | Killed a salamander
 17325 | Volcano  | Noticed a salamander
 17329 | Volcano  | Killed a salamander
 17393 | Volcano  | Reached XP level 12. HP: 73/73 MP: 8/25
 17526 | Volcano  | Killed from afar by a salamander mystic

Illustrated notes

Levels and vault maps discovered:
D:1:      scummos_arrival_simple_fountains, layout_rooms, serial_forest,
          infiniplex_forest_fountain, infiniplex_forest_lined_3,
          infiniplex_forest_end_double, infiniplex_forest_end_2,
          infiniplex_forest_split, infiniplex_forest_lined_1,
          infiniplex_forest_end_2, serial_park_tiny_pond
D:2:      layout_loops_ring, basic_ecumenical_altar, corner_web_ring
D:3:      layout_loops_ring, minitemple, minmay_cut_off, uniq_robin
D:4:      layout_basic, mainiacjoe_overflow_24_doors, temple_doors_ab,
          cheibrodos_sewer_entry_drain, palyth_stone_intersect
D:5:      layout_rooms, nicolae_overflow_crystal_walls, grunt_ministairs_15,
          uniq_sigmund, uniq_ijyb
D:6:      minmay_opposing_rooms, layout_cave_pools, minmay_misc_feat_enclosed,
          minmay_circle_x
D:7:      layout_loops_corners, serial_park_tiny_2
D:8:      layout_basic, uniq_psyche, uniq_erica
D:9:      layout_roguey, mainiacjoe_overflow_swirl, erik_lair_orcish_takeover
Temple:   regret_index_temple_waves
Lair:1:   layout_regular_city, nicolae_volcano_entry_hallway,
          grunt_forest_large_clearing_hut, lemuel_fruit_tree, uniq_harold
Volcano:  hellmonk_zot_springs

Skill      XL: |  1  2  3  4  5  6  7  8  9 10 11 |
---------------+----------------------------------+-----
Earth Magic    | 4 5 7 9 10 | 10.0
Conjurations   | 4 7 |  7.3
Spellcasting   | 4 7 9 |  9.8
Fighting       | 8 |  8.0
Evocations     | 1 6 9 |  9.2
Dodging        | |  1.5
Stealth        | |  2.1
Transmutations | |  0.7

Action                   |  1- 3 |  4- 6 |  7- 9 | 10-12 || total
-------------------------+-------+-------+-------+-------++-------
Melee: Unarmed           |    13 |       |       |       ||    13
       Whip              |    74 |       |       |     1 ||    75
       Punch             |     2 |     3 |     3 |       ||     8
       Dagger            |    13 |   141 |    56 |    25 ||   235
Throw: Dart              |       |       |       |     1 ||     1
 Cast: Sandblast         |    20 |    45 |    59 |    26 ||   150
       Stone Arrow       |       |       |    89 |   173 ||   262
Evoke: Wand              |       |       |       |    11 ||    11
  Use: Scroll            |       |       |     1 |     4 ||     5
 Stab: Sleeping          |     2 |     1 |       |       ||     3
Armor: Robe              |    52 |    49 |    45 |    12 ||   158
       Troll leather arm |       |       |       |    27 ||    27
Dodge: Dodged            |    83 |    68 |    63 |    64 ||   278
